TOP OF THE 1ST |
Seattle Rainiers batting - Pitching for Surrey Sinners : RHP Ryan Balloun
|
Pitching: RHP Ryan Balloun
|
|
Batting: RHB Aaron Holt
|
0-0: Ball 1-0: Reached on error, E5 (Groundball, 56S)
|
Batting: RHB Pedro Rodríguez
|
0-0: Called Strike 0-1: Ball 1-1: Ball 2-1: Ball 3-1: Base on Balls
|
Batting: SHB Glenn Vadnais
|
0-0: DOUBLE (Line Drive, 89D) Aaron Holt scores Pedro Rodríguez to third
|
Batting: RHB Chris Parker
|
0-0: Ball 1-0: Ball 2-0: Called Strike 2-1: Swinging Strike 2-2: Foul Ball, location: 2F 2-2: SINGLE (Line Drive, 34) Pedro Rodríguez scores Glenn Vadnais to third Runner from 3rd tries for Home, SAFE, no throw or cutoff
|
Batting: LHB Norbert Mosley
|
0-0: Ball 1-0: Swinging Strike 1-1: Called Strike 1-2: Ball Chris Parker steals 2nd base 2-2: SINGLE (Groundball, 56D) Chris Parker to third Runner from 3rd tries for Home, SAFE, no throw or cutoff
|
Batting: RHB Jeremy Carr
|
0-0: Ball 1-0: SINGLE (Groundball, 4MD) Norbert Mosley to second Runner from 2nd tries for 3rd, SAFE, no throw or cutoff
|
Batting: RHB José Gómez
|
0-0: Ball 1-0: Ball Jeremy Carr steals 2nd base 2-0: Ball 3-0: Base on Balls
|
Batting: SHB Francisco Lópes
|
0-0: Called Strike 0-1: Ball 1-1: Foul Ball, location: 2F 1-2: Foul Ball, location: 2F 1-2: Foul Ball, location: 2F 1-2: DOUBLE (Line Drive, 9LM) Norbert Mosley scores Jeremy Carr scores José Gómez to third
|
Batting: RHB Elpidio Martinho
|
0-0: Called Strike 0-1: Fly out, F8 (Flyball, 8RM)
|
Batting: RHB Aaron Holt
|
0-0: Called Strike 0-1: Ball 1-1: Foul Ball, location: 2F 1-2: Foul Ball, location: 2F 1-2: Ball 2-2: Ball 3-2: Base on Balls
|
Batting: RHB Pedro Rodríguez
|
0-0: Foul Ball, location: 2F 0-1: Ball 1-1: Ball 2-1: Ball 3-1: Swinging Strike 3-2: Foul Ball, location: 2F 3-2: Base on Balls José Gómez scores Francisco Lópes to third Aaron Holt to second
|
Batting: SHB Glenn Vadnais
|
0-0: Ball 1-0: Grounds into fielders choice 1-2 (Groundball, 15) Aaron Holt to third Pedro Rodríguez to second
|
Batting: RHB Chris Parker
|
0-0: Ball 1-0: Ball 2-0: Ball 3-0: Called Strike 3-1: Foul Ball, location: 2F 3-2: Foul Ball, location: 2F 3-2: Base on Balls Aaron Holt scores Pedro Rodríguez to third Glenn Vadnais to second
|
Batting: LHB Norbert Mosley
|
0-0: Ball 1-0: Called Strike 1-1: Ball 2-1: Swinging Strike 2-2: Ball 3-2: Base on Balls Pedro Rodríguez scores Glenn Vadnais to third Chris Parker to second
|
Pitching: RHP Phil Parker
|
|
Batting: RHB Jeremy Carr
|
0-0: Called Strike 0-1: Swinging Strike 0-2: Strikes out swinging
|
Top of the 1st over - 9 run(s), 5 hit(s), 1 error(s), 3 left on base; Seattle 9 - Surrey 0 |
BOTTOM OF THE 1ST |
Surrey Sinners batting - Pitching for Seattle Rainiers : RHP Jaime Espinoza
|
Pitching: RHP Jaime Espinoza
|
|
Batting: RHB Carlos Rodríguez
|
0-0: Foul Ball, location: 2F 0-1: DOUBLE (Flyball, 89M)
|
Batting: RHB Jesús Gonzáles
|
0-0: Called Strike 0-1: Foul Ball, location: 2F 0-2: Ball 1-2: Strikes out looking
|
Batting: RHB Tony Cruz
|
0-0: Called Strike 0-1: Ball 1-1: Ground out 4-3 (Groundball, 4) Carlos Rodríguez to third
|
Batting: RHB Júlio Figueroa
|
0-0: Ground out 1-3 (Groundball, 13)
|
Bottom of the 1st over - 0 run(s), 1 hit(s), 0 error(s), 1 left on base; Seattle 9 - Surrey 0 |
TOP OF THE 2ND |
Seattle Rainiers batting - Pitching for Surrey Sinners : RHP Phil Parker
|
Batting: RHB José Gómez
|
0-0: Ball 1-0: Ball 2-0: Called Strike 2-1: Ball 3-1: Foul Ball, location: 2F 3-2: Base on Balls
|
Batting: SHB Francisco Lópes
|
0-0: Grounds into double play, U4-3 (Groundball, 4M)
|
Batting: RHB Elpidio Martinho
|
0-0: Fly out, F8 (Flyball, 8RM)
|
Top of the 2nd over - 0 run(s), 0 hit(s), 0 error(s), 0 left on base; Seattle 9 - Surrey 0 |
BOTTOM OF THE 2ND |
Surrey Sinners batting - Pitching for Seattle Rainiers : RHP Jaime Espinoza
|
Batting: RHB César Osequedo
|
0-0: Ball 1-0: Foul Ball, location: 2F 1-1: Called Strike 1-2: Foul Ball, location: 2F 1-2: Strikes out looking
|
Batting: LHB Martin Short
|
0-0: Foul Ball, location: 2F 0-1: Ball 1-1: Ball 2-1: Ground out 6-3 (Groundball, 6M)
|
Batting: RHB Cooper Richard
|
0-0: Ball 1-0: Fly out, F9 (Popup, 4D)
|
Bottom of the 2nd over - 0 run(s), 0 hit(s), 0 error(s), 0 left on base; Seattle 9 - Surrey 0 |
TOP OF THE 3RD |
Seattle Rainiers batting - Pitching for Surrey Sinners : RHP Phil Parker
|
Batting: RHB Aaron Holt
|
0-0: Swinging Strike 0-1: Called Strike 0-2: Foul Ball, location: 2F 0-2: Strikes out looking
|
Batting: RHB Pedro Rodríguez
|
0-0: Ball 1-0: Foul Ball, location: 2F 1-1: Ball 2-1: Called Strike 2-2: Ball 3-2: Base on Balls
|
Batting: SHB Glenn Vadnais
|
0-0: Ball 1-0: Ball 2-0: Called Strike 2-1: Grounds out, U3 (Groundball, 3L)
|
Batting: RHB Chris Parker
|
0-0: Called Strike 0-1: Ball 1-1: Reached on error, E5 (Groundball, 5) Pedro Rodríguez to third
|
Batting: LHB Norbert Mosley
|
0-0: Fly out, F6 (Popup, 6S)
|
Top of the 3rd over - 0 run(s), 0 hit(s), 1 error(s), 2 left on base; Seattle 9 - Surrey 0 |
BOTTOM OF THE 3RD |
Surrey Sinners batting - Pitching for Seattle Rainiers : RHP Jaime Espinoza
|
Batting: LHB Benny Richard
|
0-0: SINGLE (Groundball, 3L)
|
Batting: RHB Víctor Arredondo
|
0-0: Foul Ball, location: 2F 0-1: Ball 1-1: Swinging Strike 1-2: Fly out, F9 (Popup, 9LS)
|
Batting: RHB Carlos Rodríguez
|
0-0: Ball 1-0: Foul Ball, location: 2F 1-1: Foul Ball, location: 2F 1-2: Ball 2-2: Strikes out looking
|
Batting: RHB Jesús Gonzáles
|
0-0: Ball 1-0: Ball 2-0: Fly out, F9 (Flyball, 89S)
|
Bottom of the 3rd over - 0 run(s), 1 hit(s), 0 error(s), 1 left on base; Seattle 9 - Surrey 0 |
TOP OF THE 4TH |
Seattle Rainiers batting - Pitching for Surrey Sinners : RHP Phil Parker
|
Batting: RHB Jeremy Carr
|
0-0: Ground out 6-3 (Groundball, 6)
|
Batting: RHB José Gómez
|
0-0: Ball 1-0: Foul Ball, location: 2F 1-1: DOUBLE (Flyball, 78XD)
|
Batting: SHB Francisco Lópes
|
0-0: Ball 1-0: Called Strike 1-1: Ball 2-1: Ball 3-1: Fly out, F9 (Flyball, 89M)
|
Batting: RHB Elpidio Martinho
|
0-0: Called Strike 0-1: Ball 1-1: Ball 2-1: Ball 3-1: Called Strike 3-2: Base on Balls
|
Batting: RHB Aaron Holt
|
0-0: Ball 1-0: Ball 2-0: Called Strike 2-1: TRIPLE (Line Drive, 9LS) José Gómez scores Elpidio Martinho scores
|
Batting: RHB Pedro Rodríguez
|
0-0: Fly out, F9 (Line Drive, 9M)
|
Top of the 4th over - 2 run(s), 2 hit(s), 0 error(s), 1 left on base; Seattle 11 - Surrey 0 |
BOTTOM OF THE 4TH |
Surrey Sinners batting - Pitching for Seattle Rainiers : RHP Jaime Espinoza
|
Batting: RHB Tony Cruz
|
0-0: Called Strike 0-1: Ball 1-1: Foul Ball, location: 2F 1-2: Strikes out swinging
|
Batting: RHB Júlio Figueroa
|
0-0: Foul Ball, location: 2F 0-1: Ball 1-1: Ball 2-1: SOLO HOME RUN (Flyball, 78XD), Distance : 405 ft
|
Batting: RHB César Osequedo
|
0-0: Ball 1-0: Ground out 5-3 (Groundball, 56)
|
Batting: LHB Martin Short
|
0-0: Called Strike 0-1: Foul Ball, location: 2F 0-2: Foul Ball, location: 2F 0-2: Ball 1-2: Ground out 3-1 (Groundball, 34)
|
Bottom of the 4th over - 1 run(s), 1 hit(s), 0 error(s), 0 left on base; Seattle 11 - Surrey 1 |
TOP OF THE 5TH |
Seattle Rainiers batting - Pitching for Surrey Sinners : RHP Phil Parker
|
Batting: SHB Glenn Vadnais
|
0-0: Ground out 1-3 (Groundball, 3S)
|
Batting: RHB Chris Parker
|
0-0: Ball 1-0: Called Strike 1-1: Ball 2-1: Ground out U3 (Groundball, 3)
|
Batting: LHB Norbert Mosley
|
0-0: SINGLE (Groundball, 4MD)
|
Batting: RHB Jeremy Carr
|
0-0: Ball Norbert Mosley steals 2nd base 1-0: Fly out, F9 (Flyball, 89M)
|
Top of the 5th over - 0 run(s), 1 hit(s), 0 error(s), 1 left on base; Seattle 11 - Surrey 1 |
BOTTOM OF THE 5TH |
Surrey Sinners batting - Pitching for Seattle Rainiers : RHP Jaime Espinoza
|
Batting: RHB Cooper Richard
|
0-0: Called Strike 0-1: Ball 1-1: Foul Ball, location: 2F 1-2: Ground out 6-3 (Groundball, 6)
|
Batting: LHB Benny Richard
|
0-0: Ball 1-0: Ball 2-0: Foul Ball, location: 2F 2-1: Ground out 4-3 (Groundball, 4)
|
Batting: RHB Víctor Arredondo
|
0-0: Foul Ball, location: 2F 0-1: TRIPLE (Line Drive, 7LM)
|
Batting: RHB Carlos Rodríguez
|
0-0: SINGLE (Line Drive, 6MD) Víctor Arredondo scores
|
Batting: RHB Jesús Gonzáles
|
0-0: Called Strike 0-1: Ball 1-1: Foul Ball, location: 2F 1-2: Ground out 4-3 (Groundball, 4)
|
Bottom of the 5th over - 1 run(s), 2 hit(s), 0 error(s), 1 left on base; Seattle 11 - Surrey 2 |
TOP OF THE 6TH |
Seattle Rainiers batting - Pitching for Surrey Sinners : RHP Phil Parker
|
Batting: RHB José Gómez
|
0-0: Foul Ball, location: 2F 0-1: Called Strike 0-2: SOLO HOME RUN (Line Drive, 9LD), Distance : 355 ft
|
Batting: SHB Francisco Lópes
|
0-0: Ball 1-0: Ground out 5-3 (Groundball, 6S)
|
Batting: RHB Elpidio Martinho
|
0-0: Ball 1-0: Ball 2-0: Ball 3-0: Called Strike 3-1: Called Strike 3-2: Base on Balls
|
Pinch Hitting: LHB Juan Viera
|
0-0: Called Strike 0-1: Ball 1-1: Swinging Strike 1-2: Ball 2-2: Fly out, F6 (Popup, 6S)
|
Batting: RHB Pedro Rodríguez
|
0-0: Ball 1-0: Ball 2-0: Called Strike 2-1: Foul Ball, location: 2F 2-2: Fly out, F7 (Flyball, 8LM)
|
Top of the 6th over - 1 run(s), 1 hit(s), 0 error(s), 1 left on base; Seattle 12 - Surrey 2 |
BOTTOM OF THE 6TH |
Surrey Sinners batting - Pitching for Seattle Rainiers : RHP Jaime Espinoza
|
Now at 3B: Tony Rivera
|
|
Batting: RHB Tony Cruz
|
0-0: Foul Ball, location: 2F 0-1: Ball 1-1: Swinging Strike 1-2: Foul Ball, location: 2F 1-2: Foul Ball, location: 2F 1-2: Strikes out swinging
|
Batting: RHB Júlio Figueroa
|
0-0: Ball 1-0: Fly out, F7 (Flyball, 7LM)
|
Pinch Hitting: RHB Steve Bender
|
0-0: Swinging Strike 0-1: Swinging Strike 0-2: Ball 1-2: Foul Ball, location: 2F 1-2: Ball 2-2: Ball 3-2: Base on Balls
|
Batting: LHB Martin Short
|
0-0: Called Strike 0-1: Foul Ball, location: 2F 0-2: Ball 1-2: Ground out 4-3 (Groundball, 4)
|
Bottom of the 6th over - 0 run(s), 0 hit(s), 0 error(s), 1 left on base; Seattle 12 - Surrey 2 |
TOP OF THE 7TH |
Seattle Rainiers batting - Pitching for Surrey Sinners : RHP Phil Parker
|
Pitching: RHP José López
|
|
Now at 3B: Steve Bender
|
|
Batting: SHB Glenn Vadnais
|
0-0: Called Strike 0-1: Foul Ball, location: 2F 0-2: Foul Ball, location: 2F 0-2: Foul Ball, location: 2F 0-2: Fly out, F7 (Flyball, 7M)
|
Batting: RHB Chris Parker
|
0-0: Ball 1-0: Ball 2-0: Swinging Strike 2-1: Fly out, F9 (Flyball, 9LM)
|
Batting: LHB Norbert Mosley
|
0-0: Ground out 6-3 (Groundball, 6)
|
Top of the 7th over - 0 run(s), 0 hit(s), 0 error(s), 0 left on base; Seattle 12 - Surrey 2 |
BOTTOM OF THE 7TH |
Surrey Sinners batting - Pitching for Seattle Rainiers : RHP Jaime Espinoza
|
Batting: RHB Cooper Richard
|
0-0: Ball 1-0: Swinging Strike 1-1: Ball 2-1: Called Strike 2-2: Ball 3-2: Fly out, F9 (Flyball, 89S)
|
Pitching: LHP Nelson Béltre
|
|
Pinch Hitting: RHB Jesús Hernández
|
0-0: Ball 1-0: Ball 2-0: Called Strike 2-1: Foul Ball, location: 2F 2-2: Foul Ball, location: 2F 2-2: Ball 3-2: Foul Ball, location: 2F 3-2: Base on Balls
|
Batting: RHB Víctor Arredondo
|
0-0: Called Strike 0-1: Ball 1-1: Foul Ball, location: 2F 1-2: Foul Ball, location: 2F 1-2: Foul Ball, location: 2F 1-2: Ball 2-2: Ball 3-2: Foul Ball, location: 2F 3-2: Base on Balls Jesús Hernández to second
|
Batting: RHB Carlos Rodríguez
|
0-0: SINGLE (Line Drive, 6MD) Jesús Hernández to third Víctor Arredondo to second Runner from 3rd tries for Home, SAFE, no throw or cutoff
|
Batting: RHB Jesús Gonzáles
|
0-0: Ball 1-0: Fly out, F8 (Line Drive, 8LM)
|
Batting: RHB Tony Cruz
|
0-0: Ball 1-0: Fly out, F8 (Flyball, 8LXD)
|
Bottom of the 7th over - 1 run(s), 1 hit(s), 0 error(s), 2 left on base; Seattle 12 - Surrey 3 |
TOP OF THE 8TH |
Seattle Rainiers batting - Pitching for Surrey Sinners : RHP José López
|
Now at 1B: Jesús Hernández
|
|
Batting: RHB Jeremy Carr
|
0-0: Ball 1-0: SINGLE (Groundball, 56D)
|
Batting: RHB José Gómez
|
0-0: Ball 1-0: Called Strike Jeremy Carr steals 2nd base 1-1: Sac Bunt - play at first, batter OUT! 2-4 Jeremy Carr to third
|
Batting: SHB Francisco Lópes
|
0-0: SINGLE (Groundball, 6MD) (infield hit) Jeremy Carr scores
|
Batting: RHB Elpidio Martinho
|
0-0: Swinging Strike 0-1: Foul Ball, location: 2F 0-2: Ball 1-2: Ball 2-2: Ball 3-2: Base on Balls Francisco Lópes to second
|
Batting: LHB Tony Rivera
|
0-0: Ball 1-0: Ball 2-0: Swinging Strike 2-1: Swinging Strike 2-2: Ball Wild Pitch! Francisco Lópes to third Elpidio Martinho to second 3-2: Base on Balls
|
Batting: RHB Pedro Rodríguez
|
0-0: SINGLE (Groundball, 34S) Francisco Lópes scores Elpidio Martinho to third Tony Rivera to second Runner from 3rd tries for Home, SAFE, no throw or cutoff
|
Batting: SHB Glenn Vadnais
|
0-0: Called Strike 0-1: Ball 1-1: Ball 2-1: Ball 3-1: Base on Balls Tony Rivera to third Pedro Rodríguez to second
|
Batting: RHB Chris Parker
|
0-0: Ball 1-0: Ball 2-0: Ball 3-0: Called Strike 3-1: Base on Balls Tony Rivera scores Pedro Rodríguez to third Glenn Vadnais to second
|
Batting: LHB Norbert Mosley
|
0-0: Ball 1-0: Ball 2-0: Called Strike 2-1: Ball 3-1: Base on Balls Pedro Rodríguez scores Glenn Vadnais to third Chris Parker to second
|
Pitching: LHP Luis Perea
|
|
Batting: RHB Jeremy Carr
|
0-0: Called Strike 0-1: Called Strike 0-2: Ball 1-2: Ball 2-2: Ball 3-2: Grounds into double play, 2-6-3 (Groundball, 2R)
|
Top of the 8th over - 5 run(s), 3 hit(s), 0 error(s), 2 left on base; Seattle 17 - Surrey 3 |
BOTTOM OF THE 8TH |
Surrey Sinners batting - Pitching for Seattle Rainiers : LHP Nelson Béltre
|
Batting: RHB Júlio Figueroa
|
0-0: SINGLE (Flyball, 78S)
|
Batting: RHB Steve Bender
|
0-0: Ball 1-0: Called Strike 1-1: Foul Ball, location: 2F 1-2: Strikes out swinging
|
Batting: LHB Martin Short
|
0-0: Ball 1-0: Ball 2-0: Fielders Choice at 2nd, 3-6 (Groundball, 3)
|
Batting: RHB Cooper Richard
|
0-0: Fly out, F7 (Flyball, 7LM)
|
Bottom of the 8th over - 0 run(s), 1 hit(s), 0 error(s), 1 left on base; Seattle 17 - Surrey 3 |
TOP OF THE 9TH |
Seattle Rainiers batting - Pitching for Surrey Sinners : LHP Luis Perea
|
Batting: RHB José Gómez
|
0-0: Ball 1-0: Ground out 6-3 (Groundball, 6)
|
Batting: SHB Francisco Lópes
|
0-0: Swinging Strike 0-1: Ball 1-1: Ball 2-1: Ball 3-1: Called Strike 3-2: Strikes out swinging
|
Batting: RHB Elpidio Martinho
|
0-0: Ball 1-0: Foul Ball, location: 2F 1-1: Foul Ball, location: 2F 1-2: Ball 2-2: Ground out 6-3 (Groundball, 6)
|
Top of the 9th over - 0 run(s), 0 hit(s), 0 error(s), 0 left on base; Seattle 17 - Surrey 3 |
BOTTOM OF THE 9TH |
Surrey Sinners batting - Pitching for Seattle Rainiers : LHP Nelson Béltre
|
Batting: RHB Jesús Hernández
|
0-0: Ball 1-0: Swinging Strike 1-1: Ball 2-1: Ground out 6-3 (Groundball, 6)
|
Batting: RHB Víctor Arredondo
|
0-0: Called Strike 0-1: Ball 1-1: Swinging Strike 1-2: DOUBLE (Line Drive, 89D)
|
Batting: RHB Carlos Rodríguez
|
0-0: SINGLE (Line Drive, 6D) Víctor Arredondo to third
|
Batting: RHB Jesús Gonzáles
|
0-0: Ball 1-0: Fly out, F7 (Flyball, 7LM) Runner from 3rd tags up, SCORES, no throw
|
Batting: RHB Tony Cruz
|
0-0: Called Strike 0-1: Ball 1-1: Called Strike 1-2: Ball 2-2: Foul Ball, location: 2F 2-2: Ball 3-2: Base on Balls Carlos Rodríguez to second
|
Batting: RHB Júlio Figueroa
|
0-0: Ball 1-0: Ball 2-0: Ball 3-0: Base on Balls Carlos Rodríguez to third Tony Cruz to second
|
Batting: RHB Steve Bender
|
0-0: Swinging Strike 0-1: Ball 1-1: Ball 2-1: Ball 3-1: Swinging Strike 3-2: Strikes out swinging
|
Bottom of the 9th over - 1 run(s), 2 hit(s), 0 error(s), 3 left on base; Seattle 17 - Surrey 4 |
|